 Dungeon Crawl Stone Soup version 0.25.1-2-g60ff931df9 (webtiles) character file.

Game seed: 14935006750957437654

300040 selver the Sniper (level 20, -1/259 HPs)
             Began as a Centaur Hunter on Oct 17, 2020.
             Was a High Priest of Okawaru.
             Slain by a two-headed ogre
             ... wielding a +0 giant club
             ... led by an ironheart preserver
              (4 damage)
             ... on level 2 of the Vaults.
             The game lasted 04:25:19 (60272 turns).

selver the Sniper (Centaur Hunter)                 Turns: 60272, Time: 04:25:21

Health: -1/259     AC: 30    Str: 31    XL:     20   Next: 16%
Magic:  0/26       EV:  1    Int: 13    God:    Okawaru [*****.]
Gold:   3712       SH:  0    Dex: 12    Spells: 19/19 levels left

rFire    + . .     SeeInvis .   b - +9 whip "Xyud" {vorpal, rElec rN++ Str+10 Dex-5}
rCold    + . .     Gourm    .   (no shield)
rNeg     + + +     Faith    .   (armour currently unavailable)
rPois    +         Spirit   +   (helmet currently unavailable)
rElec    +         Reflect  .   (cloak currently unavailable)
rCorr    +         Harm     .   (gloves currently unavailable)
MR       ++...     NoTele   +   (no barding)
Stlth    +.........             w - amulet of guardian spirit
HPRegen  0.53/turn              H - ring of protection from magic
MPRegen  0.20/turn              k - ring of Yluivuat {Int+3 Dex+4 Slay+4}

@: confused, mighty, tree-form, resistant, marked, berserk cooldown, hasted and
slowed, glowing
A: large
}: 2/15 runes: serpentine, barnacled
a: Heroism, Finesse, Renounce Religion


You were on level 2 of the Vaults.
You worshipped Okawaru.
Okawaru was extremely pleased with you.
You were hungry.
You were a tree.
You visited 7 branches of the dungeon, and saw 34 of its levels.
You visited the Abyss 1 time.
You visited 1 bazaar.
You also visited: Ice Cave.

You collected 4733 gold pieces.
You spent 1021 gold pieces at shops.

Inventory:

Hand Weapons
 a - a +7 triple crossbow
 b - the +9 whip "Xyud" (weapon) {vorpal, rElec rN++ Str+10 Dex-5}
   (You found it on level 4 of the Shoals)

   It inflicts extra damage upon your enemies.
   It affects your strength (+10).
   It affects your dexterity (-5).
   It insulates you from electricity.
   It greatly protects you from negative energy.
 c - the +8 whip "Snakebite" {curare, rPois}
   (You found it on level 2 of the Lair of Beasts)

   It poisons the flesh of those it strikes.
   It protects you from poison.
 e - the +6 arbalest "Demonslayer" {freeze, rN+ Stlth+}
   (Okawaru gifted it to you on level 4 of the Shoals)

   It causes projectiles fired from it to freeze those they strike, causing
   extra injury to most foes and up to half again as much damage against
   particularly susceptible opponents.
   They can also slow down cold-blooded creatures.
   It protects you from negative energy.
   It makes you more stealthy.
 o - the +9 arbalest "Pelluagung" {vorpal, rC++ Dex+3}
   (Okawaru gifted it to you on level 11 of the Dungeon)

   Any bolt fired from it inflicts extra damage.
   It affects your dexterity (+3).
   It greatly protects you from cold.
 F - the +1 arbalest "Jieddey" {venom, +Fly rF+ Dex+2}
   (Okawaru gifted it to you on level 2 of the Orcish Mines)

   It poisons the ammo it fires.
   It affects your dexterity (+2).
   It protects you from fire.
   It lets you fly.
 R - a +4 arbalest of flaming
Missiles
 d - 849 arrows
 y - 442 bolts
Armour
 l - a +2 helmet (melded)
 p - a +0 cloak (melded)
 M - the +3 centaur barding of the Old World (melded) {Str+4 Int-2}
   (Okawaru gifted it to you on level 4 of the Snake Pit)

   It affects your strength (+4).
   It affects your intelligence (-2).
 O - a +4 plate armour of cold resistance (melded)
 W - a +2 pair of gloves (melded)
Jewellery
 h - a +4 ring of protection
 k - the ring of Yluivuat (right branch) {Int+3 Dex+4 Slay+4}
   (You acquired it on level 10 of the Dungeon)

   [ring of slaying]

   It affects your intelligence (+3).
   It affects your dexterity (+4).
   It affects your accuracy and damage with ranged weapons and melee attacks
   (+4).
 m - an uncursed ring of resist corrosion
 w - an amulet of guardian spirit (around neck)
 D - a +6 ring of strength
 H - a ring of protection from magic (left branch)
Wands
 j - a wand of flame (93)
 n - a wand of clouds (13)
 t - a wand of digging (28)
 v - a wand of acid (9)
 L - a wand of disintegration (30)
 T - a wand of iceblast (25)
Scrolls
 i - 9 scrolls of enchant weapon
 q - 7 scrolls of enchant armour
 u - a scroll of silence
 A - 6 scrolls of remove curse
 B - 3 scrolls of magic mapping
 I - 3 scrolls of fog
 K - a scroll of teleportation
 N - 13 scrolls of identify
 U - a scroll of blinking
 X - a scroll of holy word
Potions
 g - 3 potions of invisibility
 z - 7 potions of flight
 C - 13 potions of stabbing
 J - 7 potions of cancellation
 Q - a potion of ambrosia
 S - a potion of might
 V - 2 potions of resistance
 Y - a potion of berserk rage
 Z - 6 potions of lignification
Miscellaneous
 G - 2 phantom mirrors
Comestibles
 f - 41 rations


   Skills:
 + Level 13.9 Fighting
 - Level 2.3 Maces & Flails
   Level 15.7 Bows
 - Level 26.0 Crossbows
 + Level 12.9 Armour
 - Level 1.3 Dodging
 - Level 0.4 Stealth
 - Level 9.1 Invocations


You had 19 spell levels left.
You didn't know any spells.
Your spell library contained the following spells:

 Spells                   Type           Power        Failure   Level  Hunger
 Animate Skeleton         Necr           N/A          30%         1    ##.....
 Beastly Appendage        Tmut           #.....       30%         1    ##.....
 Foxfire                  Conj/Fire      #...         30%         1    ##.....
 Magic Dart               Conj           #...         30%         1    ##.....
 Pain                     Necr           #...         30%         1    ##.....
 Summon Small Mammal      Summ           #...         30%         1    ##.....
 Blink                    Tloc           N/A          43%         2    ###....
 Call Imp                 Summ           #.......     43%         2    ###....
 Ensorcelled Hibernation  Hex/Ice        #.....       43%         2    ###....
 Shroud of Golubria       Chrm/Tloc      #.....       43%         2    ###....
 Slow                     Hex            #.......     43%         2    ###....
 Sticks to Snakes         Tmut           #.......     43%         2    ###....
 Call Canine Familiar     Summ           #.......     67%         3    ####...
 Confusing Touch          Hex            #.......     67%         3    ####...
 Conjure Flame            Conj/Fire      #.......     67%         3    ####...
 Gell's Gravitas          Tloc           #.........   67%         3    ####...
 Inner Flame              Hex/Fire       #.......     67%         3    ####...
 Lesser Beckoning         Tloc           #.........   67%         3    ####...
 Mephitic Cloud           Conj/Pois/Air  #.......     67%         3    ####...
 Recall                   Summ/Tloc      N/A          67%         3    ####...
 Spider Form              Tmut/Pois      #.........   67%         3    ####...
 Summon Guardian Golem    Hex/Summ       #.......     67%         3    ####...
 Teleport Other           Tloc           #.......     67%         3    ####...
 Vampiric Draining        Necr           #.........   67%         3    ####...
 Animate Dead             Necr           N/A          97%         4    #####..
 Cause Fear               Hex            #.........   97%         4    #####..
 Ice Form                 Ice/Tmut       #.......     97%         4    #####..
 Leda's Liquefaction      Hex/Erth       #.........   97%         4    #####..
 Passage of Golubria      Tloc           N/A          97%         4    #####..
 Petrify                  Tmut/Erth      #.......     97%         4    #####..
 Sticky Flame             Conj/Fire      #.......     97%         4    #####..
 Summon Ice Beast         Ice/Summ       #.......     97%         4    #####..
 Summon Lightning Spire   Summ/Air       #.......     97%         4    #####..
 Agony                    Necr           #.......     100%        5    ######.
 Blade Hands              Tmut           #.........   100%        5    ######.
 Bolt of Magma            Conj/Fire/Erth #.........   100%        5    ######.
 Borgnjor's Vile Clutch   Necr/Erth      #.........   100%        5    ######.
 Fireball                 Conj/Fire      #.........   100%        5    ######.
 Metabolic Englaciation   Hex/Ice        #.........   100%        5    ######.
 Silence                  Hex/Air        #.........   100%        5    ######.
 Yara's Violent Unravell  Hex/Tmut       #.........   100%        5    ######.
 Darkness                 Hex            #.........   100%        6    #######
 Death Channel            Necr           #.........   100%        6    #######
 Iron Shot                Conj/Erth      #.........   100%        6    #######
 Shadow Creatures         Summ           N/A          100%        6    #######
 Simulacrum               Ice/Necr       #.........   100%        6    #######
 Statue Form              Tmut/Erth      #........    100%        6    #######
 Discord                  Hex            #.........   100%        8    #######
 Shatter                  Erth           #.........   100%        9    #######


Dungeon Overview and Level Annotations

Branches:
Dungeon (15/15)            Temple (1/1) D:7            Lair (6/6) D:9
 Shoals (4/4) Lair:3        Snake (4/4) Lair:3        Slime (0/5) Lair:6
    Orc (2/2) D:10            Elf (0/3) Orc:2        Vaults (2/5) D:13
 Depths (0/5) D:15          IceCv (visited)
  Crypt: Vaults:2-3

Altars:
Ashenzari
Cheibriados
Dithmenos
Elyvilon
Fedhas
Gozag
Hepliaklqana
Kikubaaqudgha
Makhleb
Nemelex Xobeh
Okawaru
Qazlal
Ru
Sif Muna
Trog
Uskayaw
Vehumet
Wu Jian
Xom
Yredelemnul
Zin
The Shining One
Beogh
Jiyva

Shops:
D:7 }   D:11 *   D:13 }   Orc:2 **[(=   Shoals:3 *   Snake:1 **

Annotations:
D:11 2 transporters, coolio's ghost, journeyman DrFi
Shoals:1 2 transporters, caec's ghost, adept DrTm
Shoals:4 Ilsuiw
Vaults:2 Mennas


Innate Abilities, Weirdness & Mutations

((You have hooves in place of feet.))
((Armour fits poorly on your strangely shaped body.))
((You cover ground very quickly.))
((You have extremely tough skin. (AC +3)))


Message History

Mennas is lightly wounded.
You feel less invigorated.
The two-headed ogre hits you but does no damage. x2
Mennas hits you with a +1 eudemon blade of holy wrath.
* * * LOW HITPOINT WARNING * * *
Mennas hits you but does no damage.
The two-headed ogre hits you but does no damage. x2
You cannot move. (Use ctrl+direction or * direction to attack without moving.) Mennas blocks your attack.
Mennas hits you with a +1 eudemon blade of holy wrath!
* * * LOW HITPOINT WARNING * * *
Mennas hits you with a +1 eudemon blade of holy wrath.
The two-headed ogre hits you but does no damage. x4
You whack Mennas!
Mennas is lightly wounded.
Mennas hits you but does no damage. x2; Mennas completely misses you.
Mennas hits you with a +1 eudemon blade of holy wrath.
* * * LOW HITPOINT WARNING * * *
The two-headed ogre hits you with a +0 giant club.
You die...

#......# ##+##)... #.<....#
#....#### #......# #.##.'..#
#......# #.##.#..# #......#
#....#### #####'######'######
#.......).)...#
##################....^........#
(..)))).))(cppcO♣#.............#
...(...)..()ccOAO#.[...........#
..(.((.......oGcO#.............#
...(.........occo#.............#
...(....(........#.............#
############.....+.............#
#.....#.............#
#.....############### #.....#


You could see Mennas (sheltered), an ironheart preserver, a yaktaur captain
(sheltered), a great orb of eyes (sheltered), a centaur warrior (sheltered), 2
two-headed ogres, a vault sentinel (sheltered), 4 yaktaurs, 2 orc warriors, 2
ogres, a centaur (sheltered) and an orc (sheltered).

Vanquished Creatures
  Jorgrun (D:12)
  A titan (Shoals:3)
  Polyphemus (Shoals:2)
  Gastronok (Lair:2)
  Frances (Shoals:2)
  7 nagarajas (Snake:4)
  2 frost giants
  2 fire giants (Vaults:1)
  Aizul (Snake:2)
  5 vault wardens
  Louise (Shoals:2)
  An orc warlord (D:10)
  5 ironheart preservers
  An entropy weaver (Vaults:1)
  5 stone giants
  Nessos (Lair:5)
  A deep elf demonologist (Vaults:1)
  4 dire elephants (Lair:6)
  A red draconian (Vaults:1)
  A yellow draconian (Abyss:2)
  Snorg (Orc:1)
  12 merfolk impalers
  3 merfolk javelineers
  A deep elf death mage (Vaults:2)
  5 yaktaur captains
  A fire dragon (D:15)
  18 vault guards
  16 naga warriors
  A rakshasa (Abyss:2)
  Josephine (D:15)
  2 ice dragons (D:15)
  9 hydras
  7 centaur warriors
  22 anacondas
  A catoblepas (Shoals:2)
  2 merfolk avatars (Shoals:3)
  A merfolk aquamancer (Shoals:4)
  3 death knights
  22 two-headed ogres
  A satyr (Shoals:2)
  2 deep troll shamans
  7 ogre magi
  A queen ant (shapeshifter) (Vaults:1)
  13 naga sharpshooters
  A tengu warrior (D:15)
  2 thrashing horrors (Abyss:2)
  8 death yaks
  4 orc high priests (Orc:2)
  Urug (Lair:6)
  6 shock serpents
  3 deep elf knights
  3 skeletal warriors (Vaults:1)
  2 sixfirhies (Abyss:2)
  4 deep trolls
  A spatial maelstrom (Abyss:2)
  3 wretched stars (Abyss:2)
  11 sea snakes
  A shadow wraith (Vaults:1)
  A glowing orange brain (Vaults:1)
  An unseen horror (D:15)
  A flayed ghost (Vaults:1)
  6 salamander mystics (Snake:4)
  9 naga ritualists
  2 phantasmal warriors
  4 lindwurms (Snake:4)
  4 orc knights
  Pikel (D:4)
  2 deep elf archers (Vaults:2)
  2 ironbrand convokers
  6 harpies
  16 mana vipers
  A mana viper (shapeshifter) (Vaults:1)
  2 oklob plants (Lair:3)
  A necromancer (D:9)
  3 orc sorcerers
  3 fauns (Shoals:2)
  10 salamanders
  9 ugly things
  9 deep elf magi
  An iron dragon skeleton (Abyss:2)
  9 manticores
  Maurice (Orc:1)
  10 cyclopes
  2 wolf spiders
  27 naga magi
  6 vault sentinels
  8 merfolk sirens
  13 spiny frogs
  4 water nymphs
  8 guardian serpents
  15 elephants
  24 black mambas
  An ice statue (IceCv)
  A smoke demon (Abyss:2)
  3 gargoyles
  An orange demon (Abyss:2)
  Maggie (D:6)
  15 yaktaurs
  3 freezing wraiths
  A rime drake (shapeshifter) (D:14)
  4 kobold demonologists (D:14)
  3 komodo dragons
  A red devil (Abyss:2)
  5 trolls
  2 wind drakes
  3 ancient zymes (Abyss:2)
  A harpy zombie (D:15)
  A tengu conjurer (D:13)
  A hornet (shapeshifter) (Vaults:2)
  A polar bear (shapeshifter) (D:13)
  13 polar bears
  21 merfolk
  15 slime creatures
  27 blink frogs
  A blink frog (shapeshifter) (Vaults:2)
  5 snapping turtles
  19 hippogriffs
  5 raiju (Abyss:2)
  2 dream sheep (Shoals:1)
  A flying skull (Abyss:2)
  A wyvern (D:12)
  7 large abominations (Abyss:2)
  49 yaks
  A shadow (D:14)
  A ynoxinul (Abyss:2)
  2 vampires
  6 water elementals
  4 basilisks
  4 wraiths (D:15)
  4 hungry ghosts
  5 humans
  4 chaos spawn (Abyss:2)
  3 hogs (D:7)
  Grum (D:10)
  8 vampire mosquitoes
  4 acid dragons
  55 nagas
  A water moccasin (shapeshifter) (Vaults:1)
  4 wargs
  16 water moccasins
  11 porcupines
  2 slaves (D:4)
  27 orc warriors
  An eye of draining (D:15)
  A black bear (D:13)
  15 ice beasts
  2 phantoms
  7 sky beasts
  19 ogres
  28 wolves
  19 centaurs
  11 crocodiles
  A big kobold (shapeshifter) (Abyss:2)
  6 big kobolds
  Blork the orc (D:6)
  26 bullfrogs
  2 wyvern skeletons
  A human simulacrum (Vaults:2)
  5 scorpions
  5 killer bees
  4 small abominations (Abyss:2)
  8 wights
  4 electric eels
  9 crimson imps
  4 quasits
  3 centaur zombies
  A bullfrog zombie (D:8)
  4 jellies
  4 hounds
  Crazy Yiuf (D:3)
  5 bullfrog skeletons
  32 orc priests
  4 centaur skeletons
  Jessica (D:2)
  4 iguanas
  38 orc wizards
  11 worker ants
  4 yak simulacra (D:9)
  2 wolf simulacra (D:9)
  A hound skeleton (D:6)
  4 worker ant zombies
  A howler monkey zombie (D:10)
  Robin (D:2)
  9 gnolls
  17 adders
  4 shadow imps
  2 oozes
  An adder skeleton (D:8)
  4 worms
  A dart slug (D:1)
  7 leopard geckos
  95 orcs
  2 ball pythons
  13 bats
  6 giant cockroaches
  19 goblins
  12 hobgoblins
  14 jackals
  24 kobolds
  5 quokkas
  7 frilled lizards
  A leopard gecko skeleton (D:8)
  2 quokka skeletons (D:5)
  9 rats
  5 river rat simulacra (D:9)
  A lurking horror (Abyss:2)
  8 plants
1411 creatures vanquished.

Vanquished Creatures (others)
  A merfolk aquamancer (Shoals:4)
  An ogre mage (D:15)
  A deep elf knight (Vaults:2)
  An orc wizard (Orc:2)
  3 bushes (Lair:3)
  14 fungi
  18 plants
39 creatures vanquished.

Grand Total: 1450 creatures vanquished

Notes
Turn   | Place    | Note
-------+----------+-------------------------------------------
     0 | D:1      | selver the Centaur Hunter began the quest for the Orb.
     0 | D:1      | Reached XP level 1. HP: 17/17 MP: 1/1
    89 | D:1      | Reached XP level 2. HP: 19/24 MP: 2/2
   822 | D:1      | Reached XP level 3. HP: 28/30 MP: 3/3
  1172 | D:2      | Noticed Robin
  1205 | D:2      | Killed Robin
  1315 | D:2      | Reached XP level 4. HP: 37/37 MP: 4/4
  1377 | D:2      | Noticed Jessica
  1401 | D:2      | Killed Jessica
  1942 | D:2      | Reached XP level 5. HP: 45/45 MP: 5/5
  2209 | D:2      | Noticed a moth of wrath
  2211 | D:2      | Found a bloodstained altar of Trog.
  2465 | D:3      | Found a white marble altar of Elyvilon.
  2466 | D:3      | Found a blossoming altar of Fedhas.
  2466 | D:3      | Found an ornate altar of the Wu Jian Council.
  3018 | D:3      | Found a runed translucent door.
  3019 | D:3      | Noticed Crazy Yiuf
  3046 | D:3      | Killed Crazy Yiuf
  3046 | D:3      | Reached XP level 6. HP: 52/52 MP: 6/6
  3941 | D:4      | Found a burning altar of Makhleb.
  3943 | D:4      | Noticed a cacodemon
  4181 | D:4      | Found a hide-covered altar of Uskayaw.
  4183 | D:4      | Noticed a +0 dagger
  4184 | D:4      | Noticed a +0 hand axe
  4674 | D:4      | Noticed a slave
  4674 | D:4      | Noticed a slave
  4696 | D:4      | Reached XP level 7. HP: 60/60 MP: 7/7
  4765 | D:4      | Noticed Pikel
  4824 | D:4      | Killed Pikel
  4824 | D:4      | Reached skill level 5 in Fighting
  4824 | D:4      | Reached XP level 8. HP: 69/69 MP: 8/8
  4928 | D:5      | Entered Level 5 of the Dungeon
  5369 | D:5      | Found a sacrificial altar of Ru.
  5677 | D:6      | Noticed Maggie
  5693 | D:6      | Killed Maggie
  6524 | D:6      | Reached XP level 9. HP: 42/79 MP: 9/9
  6821 | D:6      | Noticed Blork the orc
  7005 | D:6      | Killed Blork the orc
  8439 | D:7      | Found a staircase to the Ecumenical Temple.
  8471 | Temple   | Entered the Ecumenical Temple
  8548 | Temple   | Became a worshipper of Warmaster Okawaru
  8995 | D:7      | Found Yjorphuss's Gadget Emporium.
  9545 | D:8      | Reached skill level 10 in Fighting
  9581 | D:8      | Reached * piety under Okawaru
  9581 | D:8      | Reached XP level 10. HP: 45/93 MP: 10/10
 10328 | D:8      | Reached skill level 1 in Armour
 10328 | D:8      | Reached skill level 1 in Invocations
 10787 | D:8      | Reached XP level 11. HP: 101/101 MP: 12/12
 11405 | D:9      | Found a staircase to the Lair.
 11435 | D:9      | Found a radiant altar of Vehumet.
 11685 | D:9      | Reached ** piety under Okawaru
 12097 | D:9      | Noticed a necromancer
 12110 | D:9      | Killed a necromancer
 12575 | D:10     | Entered Level 10 of the Dungeon
 12978 | D:10     | Reached *** piety under Okawaru
 13130 | D:10     | Found a staircase to the Orcish Mines.
 13288 | D:10     | Identified a scroll of acquirement
 13288 | D:10     | Acquired the ring of Yluivuat {Int+3 Dex+4 Slay+4}
 13374 | D:10     | Noticed Grum
 13400 | D:10     | Reached skill level 1 in Crossbows
 13403 | D:10     | Killed Grum
 13403 | D:10     | Received a gift from Okawaru
 13713 | D:10     | Reached skill level 2 in Crossbows
 13749 | D:10     | Reached **** piety under Okawaru
 13759 | D:10     | Reached skill level 3 in Crossbows
 14066 | Lair:1   | Entered Level 1 of the Lair of Beasts
 14268 | Lair:1   | Received a gift from Okawaru
 14268 | Lair:1   | Reached XP level 12. HP: 110/110 MP: 15/15
 14303 | Lair:1   | Reached skill level 4 in Crossbows
 14578 | Lair:1   | Found an iron altar of Okawaru.
 14823 | Lair:1   | Reached skill level 5 in Crossbows
 15195 | Lair:2   | Found a frozen archway.
 15231 | Lair:2   | Reached skill level 6 in Crossbows
 15245 | Lair:2   | Received a gift from Okawaru
 15290 | IceCv    | Entered an ice cave
 15353 | IceCv    | Received a gift from Okawaru
 15353 | IceCv    | Reached ***** piety under Okawaru
 15461 | IceCv    | Reached skill level 7 in Crossbows
 15971 | IceCv    | Got a shimmering halberd
 15985 | IceCv    | Identified the cursed +0 halberd "Sous" {vorpal, +Inv rPois
                  | Str-5 Dex+4} (You found it in an ice cave)
 15997 | IceCv    | Noticed a frost giant
 16193 | IceCv    | Reached skill level 8 in Crossbows
 16600 | IceCv    | Reached skill level 9 in Crossbows
 16974 | Lair:2   | Received a gift from Okawaru
 17008 | Lair:2   | Reached skill level 10 in Crossbows
 17144 | Lair:2   | Noticed Gastronok
 17169 | Lair:2   | Killed Gastronok
 17169 | Lair:2   | Received a gift from Okawaru
 17169 | Lair:2   | Received a gift from Okawaru
 17255 | Lair:2   | Found the +8 whip "Snakebite" {curare, rPois}
 17473 | Lair:2   | Reached skill level 11 in Crossbows
 17620 | Lair:2   | Reached XP level 13. HP: 113/117 MP: 16/16
 17854 | Lair:2   | Reached skill level 1 in Maces & Flails
 18450 | Lair:3   | Got a shimmering scale mail
 18520 | Lair:2   | Identified the +1 scale mail "Lihug" {rElec Dex+3} (You
                  | found it on level 3 of the Lair of Beasts)
 18747 | Lair:2   | Received a gift from Okawaru
 19155 | Lair:3   | Found a staircase to the Shoals.
 19217 | Lair:3   | Reached skill level 12 in Crossbows
 19608 | Lair:3   | Found a staircase to the Snake Pit.
 20464 | Lair:4   | Reached skill level 13 in Crossbows
 20905 | Lair:4   | Received a gift from Okawaru
 21013 | Lair:4   | Reached skill level 14 in Crossbows
 21215 | Lair:4   | Received a gift from Okawaru
 21716 | Lair:5   | Reached ****** piety under Okawaru
 21716 | Lair:5   | Received a gift from Okawaru
 21719 | Lair:5   | Got a spiked helmet {god gift}
 21730 | Lair:5   | Identified the +0 helmet "Runothrea" {+Fly Int+2 Stlth+}
                  | (Okawaru gifted it to you on level 5 of the Lair of Beasts)
 22008 | Lair:5   | Reached skill level 15 in Crossbows
 22178 | Lair:5   | Reached XP level 14. HP: 125/125 MP: 17/17
 23098 | Lair:6   | Entered Level 6 of the Lair of Beasts
 23328 | Lair:6   | Noticed Nessos
 23343 | Lair:5   | Killed Nessos
 23576 | Lair:6   | Noticed Urug
 23584 | Lair:6   | Killed Urug
 23939 | Lair:6   | Reached skill level 15 in Bows
 24243 | Lair:6   | Found a viscous altar of Jiyva.
 24243 | Lair:6   | Found a staircase to the Slime Pits.
 25172 | Lair:6   | Received a gift from Okawaru
 25172 | Lair:6   | Reached skill level 16 in Crossbows
 25920 | D:11     | Received a gift from Okawaru
 26060 | D:11     | Found a sparkling altar of Nemelex Xobeh.
 26121 | D:11     | Found Piedihae's General Store.
 26136 | D:11     | Bought a scroll of identify for 28 gold pieces
 26136 | D:11     | Bought a potion of curing for 42 gold pieces
 26136 | D:11     | Bought a scroll of identify for 28 gold pieces
 26234 | D:11     | Received a gift from Okawaru
 26240 | D:11     | Got an encrusted arbalest {god gift}
 26241 | D:11     | Identified the +9 arbalest "Pelluagung" {vorpal, rC++
                  | Dex+3} (Okawaru gifted it to you on level 11 of the
                  | Dungeon)
 26298 | D:11     | Found a transporter.
 26300 | D:11     | Noticed coolio's ghost (journeyman DrFi)
 26301 | D:11     | Found a transporter.
 26829 | D:12     | Reached skill level 17 in Crossbows
 26991 | D:12     | Noticed Jorgrun
 27002 | D:12     | Killed Jorgrun
 27663 | D:13     | Received a gift from Okawaru
 27994 | Orc:1    | Entered Level 1 of the Orcish Mines
 27999 | Orc:1    | Noticed an orc warlord
 27999 | Orc:1    | Noticed Snorg
 28007 | Orc:1    | Killed Snorg
 28027 | D:10     | Killed an orc warlord
 28027 | D:10     | Reached XP level 15. HP: 123/132 MP: 18/18
 28114 | Orc:1    | Noticed Maurice
 28122 | Orc:1    | Received a gift from Okawaru
 28140 | Orc:1    | Killed Maurice
 28385 | Orc:2    | Entered Level 2 of the Orcish Mines
 28464 | Orc:2    | Found Hamoefy's Jewellery Emporium.
 28489 | Orc:2    | Bought a +4 ring of protection for 612 gold pieces
 28793 | Orc:2    | Found a staircase to the Elven Halls.
 29116 | Orc:2    | Reached skill level 18 in Crossbows
 29183 | Orc:2    | Received a gift from Okawaru
 29186 | Orc:2    | Got a shimmering arbalest {god gift}
 29239 | Orc:2    | Reached skill level 5 in Invocations
 29376 | Orc:2    | Identified the +1 arbalest "Jieddey" {venom, +Fly rF+
                  | Dex+2} (Okawaru gifted it to you on level 2 of the Orcish
                  | Mines)
 29455 | Orc:2    | Found Edinkey's Antique Armour Shop.
 29455 | Orc:2    | Found Ureepho's Weapon Shop.
 29456 | Orc:2    | Found Wussuqum's General Store.
 29465 | Orc:2    | Found Dousuex's General Store.
 29513 | Orc:2    | Bought 22 arrows for 61 gold pieces
 29513 | Orc:2    | Bought a scroll of blinking for 105 gold pieces
 29513 | Orc:2    | Bought a scroll of fog for 28 gold pieces
 29819 | Orc:1    | Found a roughly hewn altar of Beogh.
 30372 | D:13     | Found Daoshy's Gadget Shoppe.
 31132 | D:13     | Found a gate to the Vaults.
 31365 | D:13     | Noticed a frost giant
 31374 | D:13     | Killed a frost giant
 31374 | D:13     | Reached skill level 10 in Armour
 32659 | D:14     | Found a glowing golden altar of the Shining One.
 32917 | D:15     | Entered Level 15 of the Dungeon
 32933 | D:15     | Received a gift from Okawaru
 33485 | D:15     | Found a white marble altar of Elyvilon.
 33964 | D:15     | Received a gift from Okawaru
 34083 | D:15     | Noticed Josephine
 34089 | D:15     | Killed Josephine
 34089 | D:15     | Reached XP level 16. HP: 113/139 MP: 22/22
 34331 | D:15     | Found a staircase to the Depths.
 34577 | D:15     | Got a translucent mace
 34579 | D:15     | Identified the +0 mace of Disintegration {vorpal, Str+4}
                  | (You found it on level 15 of the Dungeon)
 35469 | Snake:1  | Entered Level 1 of the Snake Pit
 36510 | Snake:1  | Found Foihisua's Mayhem Merchandise.
 36908 | Snake:1  | Received a gift from Okawaru
 37552 | Snake:1  | Found Tekkahid's Mass Market.
 37597 | Snake:1  | Received a gift from Okawaru
 38611 | Snake:2  | Noticed Aizul
 38619 | Snake:2  | Killed Aizul
 40546 | Snake:3  | Reached skill level 19 in Crossbows
 41450 | Snake:4  | Entered Level 4 of the Snake Pit
 42386 | Snake:4  | Received a gift from Okawaru
 42386 | Snake:4  | Reached XP level 17. HP: 124/148 MP: 23/23
 43383 | Snake:4  | Received a gift from Okawaru
 43386 | Snake:4  | Got a jewelled shortbow {god gift}
 43387 | Snake:4  | Identified the +2 shortbow of Yloiledgh {flame, Int+8
                  | Stlth+} (Okawaru gifted it to you on level 4 of the Snake
                  | Pit)
 44067 | Snake:4  | Reached skill level 20 in Crossbows
 44777 | Snake:4  | Received a gift from Okawaru
 44781 | Snake:4  | Got a fine centaur barding {god gift}
 44816 | Snake:4  | Identified the +3 centaur barding of the Old World {Str+4
                  | Int-2} (Okawaru gifted it to you on level 4 of the Snake
                  | Pit)
 45478 | Snake:4  | Reached skill level 21 in Crossbows
 46867 | Snake:4  | Reached XP level 18. HP: 143/157 MP: 24/24
 46943 | Snake:4  | Got a serpentine rune of Zot
 47550 | Shoals:1 | Entered Level 1 of the Shoals
 47557 | Lair:3   | Received a gift from Okawaru
 48043 | Shoals:1 | Found a transporter.
 48048 | Shoals:1 | Found a transporter.
 48048 | Shoals:1 | Noticed caec's ghost (adept DrTm)
 48460 | Shoals:1 | Reached skill level 22 in Crossbows
 48991 | Shoals:2 | Noticed Polyphemus
 49488 | Shoals:2 | Killed Polyphemus
 49631 | Shoals:2 | Noticed Frances
 49640 | Shoals:2 | Killed Frances
 49958 | Shoals:2 | Identified the +1 leather armour of Verag {*Drain +Fly
                  | rElec rN+}
 50148 | Shoals:2 | Noticed Louise
 50171 | Shoals:2 | Killed Louise
 50538 | Shoals:3 | Reached skill level 23 in Crossbows
 50878 | Shoals:3 | Received a gift from Okawaru
 50967 | Shoals:3 | Found Qudaolar's Assorted Antiques.
 50977 | Shoals:3 | Bought a scroll of remove curse for 117 gold pieces
 51141 | Shoals:4 | Entered Level 4 of the Shoals
 51530 | Shoals:4 | Received a gift from Okawaru
 51531 | Shoals:4 | Got a dazzling arbalest {god gift}
 51763 | Shoals:3 | Identified the +6 arbalest "Demonslayer" {freeze, rN+
                  | Stlth+} (Okawaru gifted it to you on level 4 of the Shoals)
 52179 | Shoals:4 | Got a smoking whip
 52180 | Shoals:4 | Identified the +9 whip "Xyud" {vorpal, rElec rN++ Str+10
                  | Dex-5} (You found it on level 4 of the Shoals)
 52626 | Shoals:4 | Got a barnacled rune of Zot
 52778 | Shoals:4 | Noticed Ilsuiw
 52797 | Shoals:4 | Cast into level 2 of the Abyss (merfolk impaler)
 53008 | Abyss:2  | Noticed a Hell Sentinel
 53313 | Abyss:2  | Noticed a bone dragon
 53495 | Abyss:2  | Found a viscous altar of Jiyva.
 53650 | Abyss:2  | Reached skill level 24 in Crossbows
 53758 | Abyss:2  | Reached XP level 19. HP: 142/163 MP: 21/25
 53943 | Abyss:2  | Noticed a profane servitor
 54291 | Shoals:4 | Escaped the Abyss
 54982 | Vaults:1 | Entered Level 1 of the Vaults
 55002 | Vaults:1 | Found a flickering gateway to a bazaar.
 55027 | Bazaar   | Entered a bazaar
 55036 | Bazaar   | Found Ahoup's Antique Weapon Shoppe.
 55047 | Bazaar   | Found Ysoz's Antique Weapon Emporium.
 55062 | Bazaar   | Found Xikkuodu's Antique Armour Emporium.
 55073 | Bazaar   | Found Zuukhlor's Antique Armour Shoppe.
 55962 | Vaults:1 | Received a gift from Okawaru
 56383 | Vaults:1 | Received a gift from Okawaru
 57007 | Vaults:1 | Reached skill level 25 in Crossbows
 57803 | Vaults:1 | Received a gift from Okawaru
 58206 | Vaults:2 | Received a gift from Okawaru
 58971 | Vaults:2 | Reached skill level 26 in Crossbows
 58973 | Vaults:2 | Paralysed by an ogre mage for 2 turns
 59734 | Vaults:2 | Reached XP level 20. HP: 162/172 MP: 24/26
 60232 | Vaults:2 | Noticed Mennas
 60269 | Vaults:2 | HP: 10/259 [Mennas/+1 eudemon blade of holy wrath (8)]
 60272 | Vaults:2 | HP: 3/259 [Mennas/+1 eudemon blade of holy wrath (3)]
 60272 | Vaults:2 | Slain by a two-headed ogre

Illustrated notes

Levels and vault maps discovered:
D:1:      dpeg_arrival_renting, layout_loops_corners
D:2:      minmay_angry_zag, layout_basic, first_ration, tgw_trog, uniq_robin,
          uniq_jessica
D:3:      layout_loops_corners, chequers_temple_overflow_statue_of_worship,
          uniq_crazy_yiuf_cottage
D:4:      cheibrodos_greedy_goblins, layout_basic, makhleb_altar_promises_db,
          dancing_weapons_uskayaw, guppyfry_early_lair_pool, uniq_pikel
D:5:      layout_cave_pools, nicolae_ru_awakened_eye
D:6:      layout_loops_ring, uniq_maggie, uniq_blork_the_orc
D:7:      layout_basic, minmay_temple_entry_large_hall, serial_shops,
          nicolae_shop_trees, grunt_livestock
D:8:      layout_basic, feat_on_display
D:9:      layout_loops_cross, vehumet_crystals, lair_entry_dummy,
          eino_house_with_fridge
D:10:     layout_small_grid, erik_orc_4, uniq_grum
D:11:     layout_basic, serial_shops, shop_fountains, gammafunk_ghost_smash,
          basic_altar, minmay_door_square
D:12:     layout_roguey, uniq_jorgrun
D:13:     layout_long_grid, grunt_vaults_entry_fortified, serial_shops,
          nicolae_shop_behind_doors, roderic_roman_lattice,
          kennysheep_just_a_vault
D:14:     layout_basic, amethyst_killhole, drop_trap, tso_altar
D:15:     grunt_enter_depths_hoard, layout_loops_cross, elyvilon_altar_5,
          hangedman_decor_clover_reticule, minmay_hollow_rounded_squares,
          uniq_josephine
Temple:   eino_temple_scatter_basement
Lair:1:   layout_chaotic_city, basic_altar, infiniplex_staircase_pool,
          serial_bayou_shore_a
Lair:2:   minmay_guarded_unrand_snakebite, layout_cave_pods,
          portal_ice_cave_entry_ice_beasts, grunt_megastairs_2, uniq_gastronok
Lair:3:   layout_concentric_octagons, elwin_shoals_entry_rooms,
          dummy_snake_entry, minmay_hedge_maze, grunt_megastairs_4,
          minmay_lair_oklob_chamber
Lair:4:   layout_concentric_octagons, columned_hall_lemuel
Lair:5:   layout_regular_city, serial_bayou_shore_b, lemuel_fruit_tree
Lair:6:   due_jungle_book, layout_regular_city, dpeg_slime_entry_enclosed_altar,
          uniq_urug, uniq_nessos
Shoals:1: layout_shoals, gammafunk_ghost_arena
Shoals:2: layout_shoals, uniq_louise, uniq_frances, uniq_polyphemus
Shoals:3: cheibrodos_shoals_gigantism, layout_shoals, serial_shops, shop,
          nicolae_shoals_stone_sculpture_thing
Shoals:4: shoals_end_simple, layout_shoals, shoal_ilsuiw
Snake:1:  layout_grid_maze, st_stairs_12, minmay_shop_mass, minmay_shop_mayhem,
          nicolae_large_snake_swirl
Snake:2:  layout_chambers, uniq_aizul
Snake:3:  layout_chambers
Snake:4:  snake_pit_salamanders_mu, layout_cave_town
Orc:1:    minmay_goldmine, layout_caves, basic_altar, uniq_maurice, uniq_snorg
Orc:2:    st_orc_mages, layout_diamond_mine, minmay_shop_enchanted_jewellery
Vaults:1: nicolae_vaults_alarming, vaults_standard_mumra_x, vaults_dpeg_cross,
          grunt_vaults_swirl, nicolae_vaults_little_squares_2, st_greater_box_5,
          v_misc_27, vaults_mumra_lcd, nicolae_vaults_little_squares_2,
          nicolae_vaults_little_squares_1, nicolae_vaults_diagonal_hallway_7,
          vaults_dpeg_hooks, layout_vaults_omnicross, serial_shops,
          bzr_entry_customers
Vaults:2: ebering_vaults_ghost_gozag, dpeg_vaults_monster_box,
          ontoclasm_vaults_spin, v_misc_14, hangedman_vaults_slither,
          ontoclasm_vaults_ligature, v_misc_26, v_misc_5, vaults_room_grid,
          ontoclasm_vaults_eye, nicolae_vaults_little_squares_4,
          layout_vaults_ring, uniq_mennas

Skill      XL: |  1  2  3  4  5  6  7  8  9 10 11 12 13 14 15 16 17 18 19 |
---------------+----------------------------------------------------------+-----
Bows           | 6 7 8 9 11 13 14 15 | 15.7
Fighting       | 3 4 5 7 10 11 12 13 | 13.9
Armour         | 7 8 11 12 | 12.9
Invocations    | 1 4 8 9 |  9.1
Crossbows      | 3 11 15 17 18 19 21 24 26 | 26.0
Maces & Flails | 2 |  2.3
Dodging        | |  1.3
Stealth        | |  0.4

Action                   |  1- 3 |  4- 6 |  7- 9 | 10-12 | 13-15 | 16-18 | 19-21 || total
-------------------------+-------+-------+-------+-------+-------+-------+-------++-------
Melee: Short sword       |    38 |       |       |       |       |       |       ||    38
       Kick              |    11 |    94 |   135 |   107 |    50 |       |     7 ||   404
       Dagger            |    25 |   269 |       |       |       |       |       ||   294
       Whip              |       |    60 |    40 |    93 |    79 |       |    22 ||   294
       Long sword        |       |       |   276 |   130 |       |       |       ||   406
       Unarmed           |       |       |    23 |       |       |       |       ||    23
       Trident           |       |       |       |    37 |       |       |       ||    37
       Arbalest          |       |       |       |       |     4 |       |       ||     4
       Triple crossbow   |       |       |       |       |       |       |     1 ||     1
 Fire: Shortbow          |    41 |    68 |    51 |   791 |   468 |       |       ||  1419
       Longbow           |       |       |       |       |   367 |       |       ||   367
       Arbalest          |       |       |       |       |   623 |  1322 |    72 ||  2017
       Triple crossbow   |       |       |       |       |       |       |   535 ||   535
Invok: Heroism           |       |       |       |     2 |    13 |    16 |     5 ||    36
       Finesse           |       |       |       |     1 |     8 |    17 |     5 ||    31
Evoke: Wand              |       |       |       |     5 |     3 |       |       ||     8
  Use: Scroll            |       |     5 |    11 |    15 |    10 |    10 |     9 ||    60
       Potion            |       |       |     4 |     8 |     6 |    16 |     9 ||    43
  Eat: Chunk             |       |    10 |     7 |    17 |    23 |    10 |     7 ||    74
       Ration            |       |       |     2 |     5 |     5 |    13 |     2 ||    27
Armor: Leather armour    |     7 |       |       |       |       |       |       ||     7
       Ring mail         |    31 |    14 |       |       |       |       |       ||    45
       Chain mail        |       |   243 |   271 |   330 |     2 |       |       ||   846
       Plate armour      |       |       |       |    68 |   445 |   579 |   174 ||  1266
       Skin              |       |       |       |       |     2 |       |    40 ||    42
Dodge: Dodged            |    35 |    50 |   113 |   135 |   106 |    86 |    44 ||   569
Block: Tower shield      |       |       |       |    18 |       |       |       ||    18
       Rpst.: Long sword |       |       |    27 |    16 |       |       |       ||    43
